| 8 | 0:01 | SCV | |
| 9 | 0:13 | SCV | |
| 10 | 0:26 | SCV | |
| 11 | 0:38 | SCV | |
| 11 | 0:40 | Supply Depot | |
| 12 | 0:50 | SCV | |
| 13 | 0:57 | Refinery | |
| 13 | 1:02 | SCV | |
| 14 | 1:07 | Barracks | |
| 14 | 1:14 | SCV | |
| 15 | 1:26 | SCV | |
| 16 | 1:40 | SCV | |
| 17 | 1:54 | Reaper | |
| 17 | 1:55 | Orbital Command | |
| 18 | 2:12 | Command Center | |
| 18 | 2:20 | SCV | |
| 19 | 2:27 | Factory | |
| 19 | 2:32 | SCV | |
| 19 | 2:35 | Barracks Reactor | |
| 20 | 2:41 | Refinery | |
| 20 | 2:45 | Supply Depot | |
| 20 | 2:48 | SCV | |
| 21 | 3:06 | SCV | |
| 22 | 3:17 | Starport | |
| 22 | 3:18 | SCV | |
| 23 | 3:21 | Hellion | |
| 23 | 3:23 | Hellion | |
| 27 | 3:30 | Orbital Command | |
| 27 | 3:31 | SCV | |
| 28 | 3:42 | Hellion | |
| 28 | 3:44 | Hellion | |
| 32 | 3:50 | SCV | |
| 33 | 3:58 | Starport Tech Lab | |
| 33 | 3:59 | SCV | |
| 33 | 4:02 | SCV | |
| 35 | 4:07 | Supply Depot | |
| 35 | 4:08 | Hellion | |
| 37 | 4:13 | SCV | |
| 37 | 4:14 | SCV | |
| 37 | 4:16 | Hellion | |
| 41 | 4:23 | Cloaking Field | |
| 41 | 4:29 | Banshee | |
| 44 | 4:31 | Supply Depot, SCV | |
| 44 | 4:32 | SCV | |
| 46 | 4:39 | Hellion | |
| 46 | 4:43 | SCV | |
| 49 | 4:46 | SCV | |
| 50 | 4:56 | SCV | |
| 50 | 4:57 | Command Center | |
| 50 | 4:58 | SCV | |
| 52 | 5:08 | SCV | |
| 52 | 5:10 | SCV | |
| 54 | 5:14 | Banshee | |
| 54 | 5:16 | Supply Depot | |
| 54 | 5:20 | SCV | |
| 52 | 5:33 | SCV x2 | |
| 52 | 5:45 | Hellion x2, SCV | |
| 52 | 5:47 | SCV | |
| 52 | 5:48 | Factory | |
| 58 | 5:50 | Refinery | |
| 58 | 5:51 | Refinery | |
| 58 | 5:57 | SCV | |
| 58 | 5:58 | Factory | |
| 58 | 5:59 | SCV | |
| 60 | 6:09 | SCV | |
| 61 | 6:11 | SCV | |
| 61 | 6:12 | Hellion x2 | |
| 66 | 6:22 | SCV | |
| 66 | 6:25 | Supply Depot x2 | |
| 67 | 6:26 | Engineering Bay | |
| 67 | 6:34 | Hellion x2 | |
| 71 | 6:40 | Factory, SCV | |
| 71 | 6:41 | SCV | |
| 71 | 6:43 | Factory Tech Lab | |
| 71 | 6:45 | Cyclone | |
| 71 | 6:46 | Mag-Field Accelerator | |
| 69 | 6:49 | Orbital Command | |
| 69 | 6:53 | SCV x2 | |
| 71 | 7:05 | SCV x2 | |
| 71 | 7:08 | Hellion x2 | |
| 74 | 7:19 | Siege Tank x2 | |
| 80 | 7:25 | Factory Tech Lab | |
| 80 | 7:30 | Hellion x2 | |
| 80 | 7:31 | SCV x2 | |
| 86 | 7:43 | Supply Depot, SCV x2 | |
| 86 | 7:44 | Supply Depot | |
| 88 | 7:51 | Siege Tank x3 | |
| 94 | 7:58 | Infernal Pre-Igniter | |
| 94 | 8:00 | SCV | |
| 94 | 8:02 | Supply Depot | |
| 94 | 8:05 | Hellion x2 | |
| 99 | 8:09 | Supply Depot | |
| 99 | 8:23 | Siege Tank | |
| 99 | 8:27 | Factory | |
| 102 | 8:28 | Cyclone, Siege Tank, Hellion | |
| 102 | 8:29 | Hellion | |
| 102 | 8:31 | Armory, SCV | |
| 102 | 8:32 | Supply Depot | |
| 113 | 8:34 | Supply Depot | |
| 113 | 8:37 | Orbital Command, Armory | |
| 113 | 8:50 | SCV x2 | |
| 113 | 8:54 | Starport Reactor | |
| 113 | 8:55 | Siege Tank | |
| 118 | 8:57 | Hellion x2 | |
| 118 | 9:02 | SCV x2 | |
| 124 | 9:03 | Siege Tank, Cyclone, Refinery | |
| 124 | 9:04 | SCV | |
| 124 | 9:06 | Supply Depot x2 | |
| 124 | 9:08 | Refinery | |
| 131 | 9:10 | Supply Depot | |
| 131 | 9:11 | Supply Depot | |
| 131 | 9:14 | SCV | |
| 132 | 9:18 | Factory Tech Lab | |
| 132 | 9:19 | Supply Depot | |
| 132 | 9:27 | Hellion x2, Siege Tank | |
| 139 | 9:43 | Command Center, SCV | |
| 139 | 9:45 | SCV | |
| 141 | 9:50 | Terran Vehicle Weapons Level 1, Terran Vehicle And Ship Armor Level 1 | |
| 141 | 9:55 | Supply Depot | |
| 141 | 9:56 | Missile Turret | |
| 141 | 9:58 | Cyclone, Siege Tank | |
| 141 | 9:59 | Hellion, SCV | |
| 150 | 10:01 | Supply Depot x2 | |
| 150 | 10:04 | Cyclone | |
| 150 | 10:05 | Hellion | |
| 155 | 10:07 | SCV x2 | |
| 157 | 10:20 | Siege Tank | |
| 160 | 10:22 | Viking x2 | |
| 160 | 10:23 | Sensor Tower | |
| 164 | 10:34 | Siege Tank | |
| 164 | 10:35 | Cyclone, Hellion x2 | |
| 169 | 10:53 | Cyclone, Siege Tank | |
| 169 | 10:56 | Hellion | |
| 143 | 11:12 | Cyclone, Siege Tank | |
| 143 | 11:13 | Hellion | |
| 143 | 11:18 | Hellion | |
| 136 | 11:25 | Cyclone | |
| 136 | 11:26 | Cyclone | |
| 142 | 11:34 | Hellion | |
| 142 | 11:39 | Hellion | |
| 146 | 11:44 | Cyclone | |
| 146 | 11:45 | Siege Tank | |
| 146 | 11:56 | Hellion | |
| 146 | 11:58 | Cyclone, Siege Tank | |
| 146 | 12:00 | Hellion | |
| 156 | 12:04 | Refinery x2 | |
| 156 | 12:08 | Missile Turret | |
| 156 | 12:09 | SCV x3 | |
| 156 | 12:10 | Supply Depot | |
| 159 | 12:17 | Cyclone, Siege Tank, Hellion | |
| 167 | 12:24 | Factory, Planetary Fortress | |
| 167 | 12:28 | Hellion | |
| 163 | 12:30 | Cyclone | |
| 163 | 12:35 | Supply Depot | |
| 166 | 12:39 | Supply Depot | |
| 166 | 12:41 | SCV | |
| 166 | 12:42 | Supply Depot | |
| 166 | 12:43 | SCV | |
| 168 | 12:49 | Sensor Tower | |
| 165 | 12:54 | Cyclone, Siege Tank | |
| 165 | 12:55 | Hellion | |
| 155 | 13:11 | Cyclone, Siege Tank | |
| 155 | 13:12 | Hellion | |
| 159 | 13:16 | Hellion | |
| 159 | 13:18 | SCV x2 | |
| 159 | 13:19 | SCV | |
| 164 | 13:26 | Cyclone, Siege Tank | |
| 170 | 13:28 | Factory Tech Lab, Terran Vehicle Weapons Level 2 | |
| 170 | 13:29 | Terran Vehicle And Ship Armor Level 2 | |
| 170 | 13:30 | SCV | |
| 170 | 13:32 | SCV | |
| 170 | 13:33 | Hellion | |
| 174 | 13:36 | Command Center | |
| 174 | 13:40 | Command Center, Missile Turret | |
| 174 | 13:46 | Cyclone, Siege Tank, Hellion | |
| 182 | 13:50 | Cyclone | |
| 182 | 13:54 | Hellion | |
| 187 | 13:58 | Siege Tank | |
| 187 | 14:02 | Thor | |
| 189 | 14:19 | Cyclone, Siege Tank | |
| 189 | 14:20 | Hellion | |
| 184 | 14:32 | Orbital Command | |
| 184 | 14:38 | Cyclone, Siege Tank | |
| 162 | 14:39 | Hellion | |
| 153 | 14:46 | Cyclone | |
| 153 | 14:47 | Hellion | |
| 153 | 14:51 | Siege Tank | |
| 153 | 14:52 | Hellion | |
| 163 | 15:00 | Hellion | |
| 165 | 15:08 | Hellion | |
| 165 | 15:10 | Cyclone, Siege Tank | |
| 165 | 15:11 | Liberator | |
| 165 | 15:13 | Cyclone | |
| 179 | 15:18 | Siege Tank | |
| 159 | 15:21 | Hellion | |
| 159 | 15:24 | Cyclone | |
| 145 | 15:29 | Hellion | |
| 134 | 15:42 | Siege Tank, Cyclone | |
| 134 | 15:43 | Hellion | |
| 134 | 15:45 | Siege Tank | |
| 142 | 15:50 | Cyclone | |
| 142 | 15:55 | Hellion | |
| 142 | 15:56 | Cyclone | |
| 150 | 16:00 | SCV | |
| 151 | 16:04 | Missile Turret, Hellion | |
| 151 | 16:06 | SCV x3 | |
| 151 | 16:07 | Sensor Tower | |
| 156 | 16:12 | Liberator x2 | |
| 156 | 16:14 | Cyclone | |
| 156 | 16:15 | Siege Tank | |
| 156 | 16:17 | Cyclone | |
| 171 | 16:21 | Command Center, SCV | |
| 171 | 16:23 | Refinery | |
| 171 | 16:24 | Missile Turret | |
| 171 | 16:25 | SCV x2 | |
| 174 | 16:26 | Refinery | |
| 174 | 16:32 | Planetary Fortress | |
| 174 | 16:37 | Planetary Fortress | |
| 174 | 16:38 | Missile Turret | |
| 177 | 16:40 | Cyclone, Siege Tank | |
| 177 | 16:42 | SCV | |
| 177 | 16:43 | SCV x2 | |
| 183 | 16:53 | Cyclone | |
| 183 | 16:54 | Siege Tank, Hellion | |
| 191 | 16:57 | Cyclone | |
| 191 | 16:58 | Hellion | |
| 176 | 17:12 | Cyclone, Siege Tank | |
| 176 | 17:15 | Hellion | |
| 176 | 17:20 | Hellion | |
| 178 | 17:26 | Cyclone x2 | |
| 178 | 17:29 | Cyclone | |
| 189 | 17:37 | Hellion | |
| 189 | 17:41 | Hellion | |
| 192 | 17:44 | Cyclone, Siege Tank | |
| 174 | 17:58 | Cyclone, Hellion x2 | |
| 181 | 18:01 | Siege Tank | |
| 181 | 18:03 | Hellion | |
| 168 | 18:16 | Cyclone, Siege Tank | |
| 168 | 18:19 | Hellion x2 | |
| 163 | 18:24 | Hellion | |
| 165 | 18:30 | Cyclone | |
| 165 | 18:33 | Siege Tank | |
| 171 | 18:41 | Hellion x2 | |
| 175 | 18:46 | Hellion | |
| 175 | 18:48 | Cyclone, Siege Tank | |
| 155 | 18:58 | Terran Vehicle Weapons Level 3 | |
| 155 | 19:02 | Cyclone, Hellion x2 | |
| 153 | 19:06 | Siege Tank | |
| 156 | 19:11 | Command Center | |
| 156 | 19:13 | Hellion, Refinery, Terran Vehicle And Ship Armor Level 3 | |
| 158 | 19:18 | Refinery | |
| 158 | 19:20 | Hellion | |
| 158 | 19:21 | Hellion | |
| 162 | 19:27 | Hellion, Siege Tank | |
| 162 | 19:28 | Liberator | |
| 166 | 19:34 | Cyclone, Hellion | |
| 166 | 19:37 | Orbital Command | |
| 163 | 19:51 | SCV | |
| 163 | 19:52 | SCV | |
| 155 | 20:00 | SCV | |
| 155 | 20:04 | SCV, Cyclone, Siege Tank, Hellion | |
| 165 | 20:22 | Refinery | |
| 165 | 20:29 | Cyclone | |
| 165 | 20:30 | Siege Tank, Hellion x2, Cyclone | |
| 178 | 20:36 | Siege Tank | |
| 178 | 20:37 | Hellion | |
| 176 | 20:51 | Hellion | |
| 175 | 20:58 | Cyclone, Hellion | |
| 175 | 21:02 | Cyclone, Siege Tank | |
| 179 | 21:25 | Cyclone, Siege Tank, Hellion x2 | |
| 171 | 21:40 | Cyclone, Siege Tank, Hellion | |
| 179 | 21:51 | Missile Turret | |
| 179 | 21:53 | Hellion | |
| 159 | 21:57 | Siege Tank, Cyclone | |
| 147 | 22:04 | SCV | |
| 146 | 22:11 | Cyclone | |
| 146 | 22:12 | Missile Turret, Hellion x2, Siege Tank | |
| 156 | 22:16 | SCV | |
| 156 | 22:18 | Missile Turret | |
| 157 | 22:34 | Cyclone, Siege Tank, Hellion x2 | |
| 167 | 22:40 | SCV | |
| 166 | 22:55 | Refinery | |
| 166 | 23:02 | Planetary Fortress | |
| 166 | 23:04 | Missile Turret | |
| 158 | 23:21 | Cyclone, Siege Tank, Hellion | |
| 158 | 23:26 | Cyclone, Siege Tank | |
| 158 | 23:27 | Hellion, Hellbat | |